 Dungeon Crawl Stone Soup version 0.28-a0-957-g42eb19b844 (webtiles) character file.

Game seed: 4975292733352674233

1107 Redcow54321 the Covert (level 8, -3/36 HPs)
             Began as a Felid Fighter on Nov 30, 2021.
             Slain by a wraith (11 damage)
             ... on level 8 of the Dungeon.
             The game lasted 00:17:21 (9191 turns).

Redcow54321 the Covert (Felid Fighter)              Turns: 9191, Time: 00:17:22

Health: -3/36      AC:  2    Str: 14    XL:     8   Next: 11%
Magic:  9/9        EV: 19    Int: 10    God:
Gold:   395        SH:  0    Dex: 15    Spells: 7/7 levels left
                                        Lives:  0   Deaths: 2

rFire   . . .      SeeInvis +     - Unarmed
rCold   . . .      Faith    .   (shield unavailable)
rNeg    . . .      Spirit   .   (armour unavailable)
rPois   .          Reflect  .   (helmet unavailable)
rElec   .          Harm     .   (cloak unavailable)
rCorr   .          Rampage  .   (gloves unavailable)
Will    +....                   (boots unavailable)
Stlth   +++++.....              (no amulet)
HPRegen 0.12/turn               (no ring)
MPRegen 0.11/turn               (no ring)

@: slowed, slow
A: very small, claws 1, fangs 3, see invisible, speed 1, shaggy fur 2, stealthy
paws, no weapons or thrown items, no armour, multi-lived
a: no special abilities


You were on level 8 of the Dungeon.
You visited 2 branches of the dungeon, and saw 9 of its levels.

You collected 395 gold pieces.

Inventory:

Armour
 f - a +1 cloak
Jewellery
 u - a ring of ice
Wands
 l - a wand of flame (20)
 s - a wand of acid (8)
 w - a wand of charming (4)
Scrolls
 a - 2 scrolls of enchant weapon {unknown}
 c - 2 scrolls of holy word {unknown}
 d - 4 scrolls of identify {unknown}
 h - 3 scrolls of teleportation {unknown}
 i - 3 scrolls of vulnerability {unknown}
 j - a scroll of summoning {unknown}
 k - 2 scrolls of magic mapping {unknown}
 m - a scroll of enchant armour {unknown}
 n - a scroll of fog {unknown}
 o - a scroll of silence {unknown}
 q - a scroll of blinking {unknown}
Potions
 b - 2 potions of attraction {unknown}
 e - 3 potions of curing {unknown}
 g - 2 potions of magic {unknown}
 p - 2 potions of ambrosia {unknown}
 r - a potion of lignification {unknown}
 t - a potion of heal wounds {unknown}
 v - a potion of mutation {unknown}


   Skills:
 + Level 3.8 Fighting
 + Level 5.4 Dodging
 * Level 11.2 Stealth
 * Level 9.9 Unarmed Combat


You had 7 spell levels left.
You didn't know any spells.
Your spell library contained the following spells:

 Spells                   Type           Power      Damage    Failure   Level
 Shock                    Conj/Air       0%         1d3       36%         1
 Slow                     Hex            0%         N/A       36%         1
 Summon Small Mammal      Summ           0%         N/A       36%         1
 Call Canine Familiar     Summ           0%         N/A       75%         3
 Confusing Touch          Hex            0%         N/A       75%         3
 Frozen Ramparts          Ice            0%         1d2       75%         3
 Summon Guardian Golem    Hex/Summ       0%         N/A       75%         3
 Swiftness                Air            0%         N/A       75%         3
 Airstrike                Air            0%         N/A       98%         4
 Ice Form                 Ice/Tmut       0%         N/A       98%         4
 Summon Ice Beast         Ice/Summ       0%         N/A       98%         4
 Freezing Cloud           Conj/Ice/Air   0%         6-21      100%        5
 Yara's Violent Unravell  Hex/Tmut       0%         3d3       100%        5
 Simulacrum               Ice/Necr       0%         N/A       100%        6
 Polar Vortex             Ice            0%         N/A       100%        9


Dungeon Overview and Level Annotations

Branches:
Dungeon (8/15)             Temple (1/1) D:7
   Lair: D:8-11

Altars:
Ashenzari
Cheibriados
Dithmenos
Elyvilon
Gozag
Hepliaklqana
Kikubaaqudgha
Makhleb
Nemelex Xobeh
Qazlal
Ru
Sif Muna
Uskayaw
Vehumet
Xom
Zin
The Shining One

Shops:
D:7 [

Annotations:
D:8 3 runed translucent doors, freelancePsychic's ghost, journeyman DjFE


Innate Abilities, Weirdness & Mutations

You have sharp claws.
You have razor-sharp teeth.
You have supernaturally acute eyesight. (SInv)
You cover ground quickly. (Speed+)
You are covered in thick fur. (AC +2)
Your paws help you pounce on unaware monsters.
You are incapable of wielding weapons or throwing items.
You cannot wear armour.
You gain extra lives every three experience levels.


Message History

There is a stone staircase leading up here.
Done exploring.
You can't go down here!
There is a fountain of clear blue water here.
There is a staircase to the Ecumenical Temple here.
You climb downwards.
Welcome to the Ecumenical Temple!
Found twelve altars.
There is a staircase back to the Dungeon here.
You climb upwards.
Welcome back to the Dungeon!
There is a staircase to the Ecumenical Temple here.
Press: ? - help, v - describe, . - travel A staircase to the Ecumenical Temple.
Press: ? - help, v - describe, . - travel A staircase to the Ecumenical Temple.
There is an open door here.
There is a stone staircase leading down here.
You climb downwards.
Level annotation: 3 runed translucent doors, freelancePsychic's ghost, journeyman DjFE The wraith hits you!
The wraith drains your vigour!
You feel yourself slow down.
There is a stone staircase leading up, spattered with blood here.
You scratch the wraith but do no damage.
The wraith hits you!
You are too injured to fight recklessly!
You claw the wraith!
The wraith is lightly damaged.
The wraith hits you!
* * * LOW HITPOINT WARNING * * *
The wraith drains your vigour!
You feel as though you will be slow longer.
You scratch the wraith.
The wraith is moderately damaged.
The wraith completely misses you.
You scratch the wraith but do no damage.
The wraith is moderately damaged.
The wraith completely misses you.
You claw the wraith!
The wraith is severely damaged.
The wraith hits you!
You die...

### ###
#.#########@#
#...[.....W.#
#.#########........
#.# #.####### #)#
#.###### #W#
#......##### #.# #
#......§... ##'###
.# #...?.§.#
#....##.##
#....§..#


You could see a wraith.

Vanquished Creatures
  Sigmund (D:3)
  A water moccasin (D:6)
  A sky beast (D:5)
  4 black bears
  3 necrophages
  A centaur (D:5)
  3 kobold brigands
  A wyvern zombie (D:7)
  4 scorpions
  A water moccasin zombie (D:7)
  A wyvern skeleton (D:6)
  2 wights (D:8)
  2 centaur zombies (D:7)
  A bullfrog zombie (D:5)
  2 jellies
  2 centaur skeletons
  4 hounds
  Jessica (D:3)
  A scorpion zombie (D:5)
  Terence (D:3)
  4 iguanas
  Natasha (twice) (D:4)
  A hound skeleton (D:4)
  A howler monkey zombie (D:7)
  4 gnolls (D:4)
  2 adders
  A shadow imp (D:6)
  A white imp (D:7)
  2 worms (D:4)
  4 dart slugs (D:1)
  4 orcs
  9 endoplasms
  5 giant cockroaches
  9 hobgoblins
  4 quokkas
  11 ball pythons
  6 bats
  8 goblins
  13 kobolds
  2 rats
130 creatures vanquished.

Notes
Turn   | Place    | Note
-------+----------+-------------------------------------------
     0 | D:1      | Redcow54321 the Felid Fighter began the quest for the Orb.
     0 | D:1      | Reached XP level 1. HP: 10/10 MP: 2/2
   294 | D:1      | Reached XP level 2. HP: 13/14 MP: 3/3
   566 | D:1      | Reached skill level 1 in Stealth
   869 | D:1      | Reached XP level 3. HP: 15/17 MP: 4/4
   870 | D:1      | Found a faded altar of an unknown god.
  2038 | D:2      | Reached skill level 2 in Stealth
  2038 | D:2      | Reached skill level 5 in Unarmed Combat
  2489 | D:3      | Noticed Terence
  2502 | D:3      | Killed Terence
  2503 | D:3      | Reached XP level 4. HP: 14/21 MP: 5/5
  2688 | D:3      | Noticed Sigmund
  2731 | D:3      | Noticed Jessica
  2749 | D:3      | Killed Sigmund
  2750 | D:3      | Reached skill level 4 in Stealth
  2750 | D:3      | Reached XP level 5. HP: 10/24 MP: 6/6
  2925 | D:3      | Killed Jessica
  2926 | D:3      | Gained mutation: You are covered in thick fur. (AC +2)
                  | [Felid growth]
  2926 | D:3      | Reached XP level 6. HP: 28/28 MP: 7/7
  4179 | D:4      | Noticed Natasha
  4185 | D:4      | Killed Natasha
  4210 | D:4      | Reached skill level 5 in Stealth
  4358 | D:4      | Reached XP level 7. HP: 28/31 MP: 8/8
  4691 | D:4      | Reached skill level 6 in Stealth
  5142 | D:4      | Noticed Natasha
  5147 | D:4      | Killed Natasha
  5159 | D:5      | Entered Level 5 of the Dungeon
  5292 | D:5      | Reached skill level 7 in Stealth
  5407 | D:5      | Found a glowing golden altar of the Shining One.
  5496 | D:5      | Reached skill level 5 in Dodging
  5496 | D:5      | Reached XP level 8. HP: 34/34 MP: 9/9
  5526 | D:5      | Reached skill level 8 in Stealth
  6229 | D:6      | You fall into a shaft and drop 2 floors!
  6231 | D:8      | Killed from afar by a steam dragon
  6232 | D:8      | Reached XP level 7. HP: -16/31 MP: 8/8
  6293 | D:8      | Found the +7 Singing Sword {vorpal, sonic wave}
  6356 | D:8      | Noticed a wraith
  6364 | D:8      | Found a runed translucent gate.
  6365 | D:8      | Found a runed translucent gate.
  6365 | D:8      | Found a runed translucent gate.
  6367 | D:8      | Noticed a nine-headed hydra
  6367 | D:8      | Noticed freelancePsychic's ghost (journeyman DjFE)
  6421 | D:7      | Found a staircase to the Ecumenical Temple.
  6438 | D:7      | Reached skill level 9 in Stealth
  6498 | D:7      | Found an opulent altar of Gozag.
  6498 | D:7      | Found a radiant altar of Vehumet.
  6498 | D:7      | Found a shimmering blue altar of Sif Muna.
  6837 | D:7      | Reached XP level 8. HP: 34/34 MP: 9/9
  7076 | D:7      | Reached skill level 10 in Stealth
  7397 | D:7      | Found a stormy altar of Qazlal.
  7438 | D:7      | Found Ytirib's Armour Emporium.
  8012 | D:6      | Mangled by a black bear
  8013 | D:6      | Reached XP level 7. HP: -8/31 MP: 8/8
  8045 | D:6      | Reached skill level 11 in Stealth
  8238 | D:6      | Reached XP level 8. HP: 36/36 MP: 9/9
  9173 | Temple   | Entered the Ecumenical Temple
  9191 | D:8      | Slain by a wraith

Illustrated notes

Levels and vault maps discovered:
D:1:      heliophobic_arrival_ceremonial_halls, layout_basic,
          dreamdust_ecumenical_altar_angels_and_demons, serial_rivers,
          chequers_serial_rivers_small_3, chequers_serial_rivers_micro_b,
          chequers_serial_rivers_marsh, chequers_serial_rivers_small_3,
          chequers_serial_rivers_micro_c, chequers_serial_rivers_large_b,
          minmay_pentomino_o4
D:2:      layout_basic, serial_bayou_crossing
D:3:      layout_basic, uniq_sigmund, uniq_terence, uniq_jessica
D:4:      minmay_thinvault, layout_gridville, supply_closet_lemuel,
          corexii_leaking_fountain, chequers_avenue, minmay_goblin_kobold_house,
          uniq_natasha
D:5:      layout_loops_corners, tso_altar
D:6:      layout_basic, enter_ossuary_2
D:7:      layout_basic, nicolae_qazlal_eye_of_the_storm,
          gammafunk_temple_overflow_claw, temple_fountains, serial_shops, shop
D:8:      minmay_weird_star, layout_basic, mainiacjoe_overflow_catwalk,
          gammafunk_ghost_hydra_chop
Temple:   nicolae_temple_x_marks_the_god

Skill      XL: |  1  2  3  4  5  6  7  8 |
---------------+-------------------------+-----
Stealth        | 1 2 4 5 11 10 | 11.2
Unarmed Combat | 5 6 7 9 |  9.9
Dodging        | 5 |  5.4
Fighting       | |  3.8

Action                   |  1- 3 |  4- 6 |  7- 9 || total
-------------------------+-------+-------+-------++-------
Melee: Unarmed           |   104 |    73 |   170 ||   347
       Bite              |    13 |     6 |    22 ||    41
       Punch             |     2 |     1 |    11 ||    14
  Use: Potion            |       |     1 |       ||     1
 Stab: Sleeping          |     5 |     8 |    25 ||    38
Armor: Skin              |     8 |     4 |    11 ||    23
Dodge: Dodged            |    82 |    37 |   129 ||   248

Table legend: (Time is in decaauts)
 A = Elapsed time spent in this place.
 B = Non-inter-level travel time spent in this place.
 C = Inter-level travel time spent in this place.
 D = Time resting spent in this place.
 E = Time spent auto-exploring this place.
 F = Levels seen in this place.
 G = Mean time per level.
                   A        B        C        D        E       F      G
               +--------+--------+--------+--------+--------+-----+--------+
         Total |   8072 |   7865 |    207 |   1255 |   5627 |   9 |  896.9 |
       Dungeon |   8070 |   7863 |    207 |   1255 |   5627 |   8 | 1008.8 |
        Temple |      1 |      1 |      0 |      0 |      0 |   1 |    1.0 |
               +--------+--------+--------+--------+--------+-----+--------+

Top non-repeatable levels by time:
     D:4: 1582 daAuts
     D:6: 1378 daAuts
     D:1: 1314 daAuts
     D:7: 1119 daAuts
     D:3: 923 daAuts
     D:5: 846 daAuts
     D:2: 757 daAuts
     D:8: 149 daAuts
  Temple: 1 daAuts
